| TOP OF THE 1ST |
|
Sacramento River Cats batting - Pitching for New Orleans Zephyrs : RHP Chris Funderburg
|
|
Pitching: RHP Chris Funderburg
|
|
|
Now at 3B: Gavin Helton
|
|
|
Batting: SHB Danny Garcia
|
0-0: Reached on error, E4 (Groundball, 4, EV 81.3 MPH)
|
|
Batting: RHB Hugo Zacarias
|
0-0: Ball 1-0: Ball 2-0: Ball 3-0: Base on Balls Danny Garcia to second
|
|
Batting: RHB Jason Gress
|
0-0: SINGLE (Line Drive, 8RS, EV 105.0 MPH) Danny Garcia to third Hugo Zacarias to second
|
|
Batting: LHB Nate Conley
|
0-0: Foul Ball, location: 2F 0-1: Foul Ball, location: 2F 0-2: DOUBLE (Line Drive, 89M, EV 111.3 MPH) Danny Garcia scores Hugo Zacarias scores Jason Gress to third Runner from 3rd tries for Home, SAFE, throw by RF to trailing runner, OUT at third! 9-3-5
|
|
Batting: LHB Fred Arends
|
0-0: SINGLE (Groundball, P, EV 83.8 MPH) (infield hit)
|
|
Batting: SHB Jason Spradling
|
0-0: Foul Ball, location: 2F 0-1: Called Strike 0-2: Ball 1-2: Ball 2-2: Strikes out looking
|
|
Batting: LHB Josh Straub
|
0-0: Called Strike 0-1: SINGLE (Flyball, 4D, EV 84.4 MPH) Fred Arends to second
|
|
Batting: RHB Martin Guerrero
|
Pickoff Throw to Second - Error! E1 Fred Arends to third Josh Straub to second 0-0: Ball 1-0: Ball 2-0: Called Strike 2-1: Called Strike 2-2: Ball 3-2: Foul Ball, location: 2F 3-2: Base on Balls
|
|
Batting: RHB Matt Fenimore
|
0-0: Foul Ball, location: 2F 0-1: Called Strike 0-2: Ball 1-2: Ball 2-2: Ball 3-2: Ground out 5-3 (Groundball, 5S, EV 65.0 MPH)
|
| Top of the 1st over - 3 runs, 4 hits, 2 errors, 3 left on base; Sacramento 3 - New Orleans 0 |
| BOTTOM OF THE 1ST |
|
New Orleans Zephyrs batting - Pitching for Sacramento River Cats : RHP Roberto Duron
|
|
Pitching: RHP Roberto Duron
|
|
|
Batting: RHB Gavin Helton
|
0-0: Ball 1-0: Called Strike 1-1: Foul Ball, location: 2F 1-2: Strikes out swinging
|
|
Batting: SHB Ramon Martinez
|
0-0: Foul Ball, location: 2F 0-1: Called Strike 0-2: Strikes out looking
|
|
Batting: RHB Alex Gomez
|
0-0: Foul Ball, location: 2F 0-1: Swinging Strike 0-2: Ball 1-2: Foul Ball, location: 2F 1-2: Ball 2-2: Ball 3-2: Foul Ball, location: 2F 3-2: Foul Ball, location: 2F 3-2: Fly out, F9 (Flyball, 9LS, EV 85.0 MPH)
|
| Bottom of the 1st over - 0 runs, 0 hits, 0 errors, 0 left on base; Sacramento 3 - New Orleans 0 |
| TOP OF THE 2ND |
|
Sacramento River Cats batting - Pitching for New Orleans Zephyrs : RHP Chris Funderburg
|
|
Batting: SHB Danny Garcia
|
0-0: Ball 1-0: Ball 2-0: Ball 3-0: Called Strike 3-1: Base on Balls
|
|
Batting: RHB Hugo Zacarias
|
0-0: Ball 1-0: Called Strike 1-1: Ball 2-1: Swinging Strike 2-2: Strikes out swinging
|
|
Batting: RHB Jason Gress
|
0-0: Ball Danny Garcia is caught stealing 2nd base 2-4 1-0: Ball 2-0: Called Strike 2-1: Ball 3-1: Foul Ball, location: 2F 3-2: Base on Balls
|
|
Batting: LHB Nate Conley
|
0-0: Fly out, F8 (Line Drive, 8RM, EV 103.1 MPH)
|
| Top of the 2nd over - 0 runs, 0 hits, 0 errors, 1 left on base; Sacramento 3 - New Orleans 0 |
| BOTTOM OF THE 2ND |
|
New Orleans Zephyrs batting - Pitching for Sacramento River Cats : RHP Roberto Duron
|
|
Batting: RHB Chris Lee
|
0-0: Swinging Strike 0-1: Ball 1-1: Called Strike 1-2: Ball 2-2: Ball 3-2: SINGLE (Line Drive, 8RS, EV 112.5 MPH)
|
|
Batting: RHB Gebre-Giorgios Tikolo
|
0-0: Called Strike 0-1: Ball 1-1: Swinging Strike 1-2: Foul Ball, location: 2F 1-2: Fly out, F8 (Flyball, 8LXD, EV 91.3 MPH)
|
|
Batting: RHB Jesus Castillo
|
0-0: Ball 1-0: Ball 2-0: Foul Ball, location: 2F 2-1: Ball 3-1: Fielders Choice at 2nd, 2-6 (Groundball, 13S, EV 70.6 MPH)
|
|
Batting: RHB Kyle Ashton
|
0-0: Called Strike 0-1: Ball 1-1: Ball 2-1: Foul Ball, location: 2F 2-2: Strikes out swinging
|
| Bottom of the 2nd over - 0 runs, 1 hit, 0 errors, 1 left on base; Sacramento 3 - New Orleans 0 |
| TOP OF THE 3RD |
|
Sacramento River Cats batting - Pitching for New Orleans Zephyrs : RHP Chris Funderburg
|
|
Batting: LHB Fred Arends
|
0-0: Foul Ball, location: 2F 0-1: Called Strike 0-2: Ball 1-2: Ground out 3-1 (Groundball, 34S, EV 83.1 MPH)
|
|
Batting: SHB Jason Spradling
|
0-0: Ball 1-0: Ball 2-0: Called Strike 2-1: Called Strike 2-2: SINGLE (Groundball, 56D, EV 96.9 MPH)
|
|
Batting: LHB Josh Straub
|
0-0: Ball 1-0: Ball 2-0: Foul Ball, location: 2F 2-1: Ball 3-1: Base on Balls Jason Spradling to second
|
|
Batting: RHB Martin Guerrero
|
0-0: Swinging Strike 0-1: Ball 1-1: Foul Ball, location: 2F 1-2: Strikes out swinging
|
|
Batting: RHB Matt Fenimore
|
0-0: 3-RUN HOME RUN (Line Drive, 78XD, EV 115.6 MPH), Distance : 468 ft
|
|
Pitching: RHP Campbell Wagenmakers
|
|
|
Batting: SHB Danny Garcia
|
0-0: Ball 1-0: Foul Ball, location: 2F 1-1: Ball 2-1: Swinging Strike 2-2: Strikes out looking
|
| Top of the 3rd over - 3 runs, 2 hits, 0 errors, 0 left on base; Sacramento 6 - New Orleans 0 |
| BOTTOM OF THE 3RD |
|
New Orleans Zephyrs batting - Pitching for Sacramento River Cats : RHP Roberto Duron
|
|
Batting: RHB Humberto Oros
|
0-0: Ball 1-0: Called Strike 1-1: Ball 2-1: Foul Ball, location: 2F 2-2: Foul Ball, location: 2F 2-2: Ball 3-2: Foul Ball, location: 2F 3-2: Base on Balls
|
|
Batting: RHB Katsutaka Inouye
|
0-0: Called Strike 0-1: Called Strike 0-2: Ball 1-2: Foul Ball, location: 2F 1-2: Foul Ball, location: 2F 1-2: Grounds into double play, 6-4-3 (Groundball, 6, EV 81.3 MPH)
|
|
Batting: RHB Gavin Helton
|
0-0: Ball 1-0: Ball 2-0: Ball 3-0: Called Strike 3-1: Called Strike 3-2: Ground out 4-3 (Groundball, 4S, EV 80.0 MPH)
|
| Bottom of the 3rd over - 0 runs, 0 hits, 0 errors, 0 left on base; Sacramento 6 - New Orleans 0 |
| TOP OF THE 4TH |
|
Sacramento River Cats batting - Pitching for New Orleans Zephyrs : RHP Campbell Wagenmakers
|
|
Batting: RHB Hugo Zacarias
|
0-0: Fly out, F9 (Flyball, 9LS, EV 87.5 MPH)
|
|
Batting: RHB Jason Gress
|
0-0: Foul Ball, location: 2F 0-1: Foul Ball, location: 2F 0-2: Foul Ball, location: 2F 0-2: Strikes out swinging
|
|
Batting: LHB Nate Conley
|
0-0: SINGLE (Groundball, 34D, EV 98.1 MPH)
|
|
Batting: LHB Fred Arends
|
0-0: Called Strike 0-1: Ball 1-1: Swinging Strike 1-2: Strikes out looking
|
| Top of the 4th over - 0 runs, 1 hit, 0 errors, 1 left on base; Sacramento 6 - New Orleans 0 |
| BOTTOM OF THE 4TH |
|
New Orleans Zephyrs batting - Pitching for Sacramento River Cats : RHP Roberto Duron
|
|
Batting: SHB Ramon Martinez
|
0-0: Ball 1-0: SINGLE (Flyball, 5D, EV 85.6 MPH)
|
|
Batting: RHB Alex Gomez
|
0-0: Ball 1-0: Ball 2-0: Fly out, F8 (Flyball, 89M, EV 88.1 MPH)
|
|
Batting: RHB Chris Lee
|
0-0: Called Strike 0-1: Called Strike Ramon Martinez is caught stealing 2nd base 2-4 0-2: Ball 1-2: Foul Ball, location: 2F 1-2: Ball 2-2: SINGLE (Groundball, 6MD, EV 97.5 MPH)
|
|
Batting: RHB Gebre-Giorgios Tikolo
|
0-0: Foul Ball, location: 2F 0-1: Called Strike Chris Lee is caught stealing 2nd base 2-4
|
| Bottom of the 4th over - 0 runs, 2 hits, 0 errors, 0 left on base; Sacramento 6 - New Orleans 0 |
| TOP OF THE 5TH |
|
Sacramento River Cats batting - Pitching for New Orleans Zephyrs : RHP Campbell Wagenmakers
|
|
Batting: SHB Jason Spradling
|
0-0: Called Strike 0-1: Called Strike 0-2: Foul Ball, location: 2F 0-2: Ball 1-2: Ground out 4-3 (Groundball, 4D, EV 104.4 MPH)
|
|
Batting: LHB Josh Straub
|
0-0: Ball 1-0: Ball 2-0: Ball 3-0: Called Strike 3-1: Ground out U3 (Groundball, 3, EV 108.8 MPH)
|
|
Batting: RHB Martin Guerrero
|
0-0: Ball 1-0: Foul Ball, location: 2F 1-1: Foul Ball, location: 2F 1-2: Ball 2-2: Fly out, F4 (Popup, 4S, EV 70.0 MPH)
|
| Top of the 5th over - 0 runs, 0 hits, 0 errors, 0 left on base; Sacramento 6 - New Orleans 0 |
| BOTTOM OF THE 5TH |
|
New Orleans Zephyrs batting - Pitching for Sacramento River Cats : RHP Roberto Duron
|
|
Batting: RHB Gebre-Giorgios Tikolo
|
0-0: Fly out, F7 (Flyball, 7LM, EV 90.0 MPH)
|
|
Batting: RHB Jesus Castillo
|
0-0: Ground out 1-3 (Groundball, 13, EV 60.6 MPH)
|
|
Batting: RHB Kyle Ashton
|
0-0: Ball 1-0: Ball 2-0: Foul Ball, location: 2F 2-1: Ground out 6-3 (Groundball, 6, EV 80.6 MPH)
|
| Bottom of the 5th over - 0 runs, 0 hits, 0 errors, 0 left on base; Sacramento 6 - New Orleans 0 |
| TOP OF THE 6TH |
|
Sacramento River Cats batting - Pitching for New Orleans Zephyrs : RHP Campbell Wagenmakers
|
|
Batting: RHB Matt Fenimore
|
0-0: Ball 1-0: Fly out, F8 (Line Drive, 8LD, EV 91.9 MPH)
|
|
Batting: SHB Danny Garcia
|
0-0: Ground out U3 (Groundball, 3, EV 100.6 MPH)
|
|
Batting: RHB Hugo Zacarias
|
0-0: Foul Ball, location: 2F 0-1: Ball 1-1: Fly out, F8 (Line Drive, 8RD, EV 92.5 MPH)
|
| Top of the 6th over - 0 runs, 0 hits, 0 errors, 0 left on base; Sacramento 6 - New Orleans 0 |
| BOTTOM OF THE 6TH |
|
New Orleans Zephyrs batting - Pitching for Sacramento River Cats : RHP Roberto Duron
|
|
Batting: RHB Humberto Oros
|
0-0: Swinging Strike 0-1: Ball 1-1: Ground out 6-3 (Groundball, 6, EV 100.0 MPH)
|
|
Batting: RHB Katsutaka Inouye
|
0-0: Ground out 5-3 (Groundball, 56, EV 110.0 MPH)
|
|
Batting: RHB Gavin Helton
|
0-0: Called Strike 0-1: SINGLE (Line Drive, 7S, EV 91.9 MPH)
|
|
Batting: SHB Ramon Martinez
|
0-0: Called Strike Gavin Helton steals 2nd base 0-1: Fly out, F9 (Flyball, 9LS, EV 78.8 MPH)
|
| Bottom of the 6th over - 0 runs, 1 hit, 0 errors, 1 left on base; Sacramento 6 - New Orleans 0 |
| TOP OF THE 7TH |
|
Sacramento River Cats batting - Pitching for New Orleans Zephyrs : RHP Campbell Wagenmakers
|
|
Batting: RHB Jason Gress
|
0-0: Ball 1-0: Called Strike 1-1: Foul Ball, location: 2F 1-2: Foul Ball, location: 2F 1-2: Ball 2-2: Foul Ball, location: 2F 2-2: Foul Ball, location: 2F 2-2: Foul Ball, location: 2F 2-2: Foul Ball, location: 2F 2-2: Ball 3-2: Foul Ball, location: 2F 3-2: Fly out, F8 (Flyball, 8RXD, EV 109.4 MPH)
|
|
Batting: LHB Nate Conley
|
0-0: Ball 1-0: Called Strike 1-1: Called Strike 1-2: Ball 2-2: Ball 3-2: Ground out 6-3 (Groundball, 4, EV 81.9 MPH)
|
|
Batting: LHB Fred Arends
|
0-0: Ball 1-0: Called Strike 1-1: Foul Ball, location: 2F 1-2: Ball 2-2: Ball 3-2: Strikes out swinging
|
| Top of the 7th over - 0 runs, 0 hits, 0 errors, 0 left on base; Sacramento 6 - New Orleans 0 |
| BOTTOM OF THE 7TH |
|
New Orleans Zephyrs batting - Pitching for Sacramento River Cats : RHP Roberto Duron
|
|
Batting: RHB Alex Gomez
|
0-0: Swinging Strike 0-1: Swinging Strike 0-2: SINGLE (Groundball, 6D, EV 104.4 MPH)
|
|
Batting: RHB Chris Lee
|
0-0: Ball Alex Gomez steals 2nd base 1-0: Fly out, F7 (Flyball, 7S, EV 79.4 MPH)
|
|
Batting: RHB Gebre-Giorgios Tikolo
|
0-0: Called Strike 0-1: Foul Ball, location: 2F 0-2: Ball 1-2: Foul Ball, location: 2F 1-2: Ball 2-2: Fly out, F8 (Flyball, 89XD, EV 99.4 MPH) Runner from 2nd tags up, SAFE at 3rd, no throw by CF
|
|
Batting: RHB Jesus Castillo
|
0-0: Ball 1-0: Ball 2-0: Called Strike 2-1: Ball 3-1: Base on Balls
|
|
Batting: RHB Kyle Ashton
|
Pickoff Throw to First - Error! E1 Alex Gomez scores Jesus Castillo to second
|
|
Pitching: LHP Shigeo Okawa
|
0-0: Called Strike 0-1: Foul Ball, location: 2F 0-2: Fly out, F9 (Flyball, 9D, EV 102.5 MPH)
|
| Bottom of the 7th over - 1 run, 1 hit, 1 error, 1 left on base; Sacramento 6 - New Orleans 1 |
| TOP OF THE 8TH |
|
Sacramento River Cats batting - Pitching for New Orleans Zephyrs : RHP Campbell Wagenmakers
|
|
Pitching: RHP Al Mendoza
|
|
|
Batting: SHB Jason Spradling
|
0-0: Ball 1-0: Ball 2-0: Called Strike 2-1: SINGLE (Flyball, 5D, EV 77.5 MPH)
|
|
Batting: LHB Josh Straub
|
0-0: Ball 1-0: Called Strike 1-1: Ball 2-1: Swinging Strike 2-2: Foul Ball, location: 2F 2-2: Grounds into double play, 6-4-3 (Groundball, 6, EV 103.1 MPH)
|
|
Batting: RHB Martin Guerrero
|
0-0: Ground out 2-3 (Groundball, 2R, EV 63.8 MPH)
|
| Top of the 8th over - 0 runs, 1 hit, 0 errors, 0 left on base; Sacramento 6 - New Orleans 1 |
| BOTTOM OF THE 8TH |
|
New Orleans Zephyrs batting - Pitching for Sacramento River Cats : LHP Shigeo Okawa
|
|
Batting: RHB Humberto Oros
|
0-0: Fly out, F9 (Flyball, 9S, EV 85.6 MPH)
|
|
Batting: RHB Katsutaka Inouye
|
0-0: Ground out 5-3 (Groundball, 5S, EV 73.1 MPH)
|
|
Batting: RHB Gavin Helton
|
0-0: Fly out, F6 (Popup, 4MS, EV 87.5 MPH)
|
| Bottom of the 8th over - 0 runs, 0 hits, 0 errors, 0 left on base; Sacramento 6 - New Orleans 1 |
| TOP OF THE 9TH |
|
Sacramento River Cats batting - Pitching for New Orleans Zephyrs : RHP Al Mendoza
|
|
Batting: RHB Matt Fenimore
|
0-0: Foul Ball, location: 2F 0-1: Ball 1-1: Swinging Strike 1-2: Foul Ball, location: 2F 1-2: Ball 2-2: Strikes out swinging
|
|
Batting: SHB Danny Garcia
|
0-0: Called Strike 0-1: SINGLE (Groundball, P, EV 78.8 MPH) (infield hit)
|
|
Batting: RHB Hugo Zacarias
|
0-0: Ball Danny Garcia steals 2nd base (no throw) 1-0: Swinging Strike 1-1: Called Strike 1-2: Strikes out swinging
|
|
Batting: RHB Jason Gress
|
0-0: Called Strike 0-1: Fly out, F8 (Flyball, 78XD, EV 97.5 MPH)
|
| Top of the 9th over - 0 runs, 1 hit, 0 errors, 1 left on base; Sacramento 6 - New Orleans 1 |
| BOTTOM OF THE 9TH |
|
New Orleans Zephyrs batting - Pitching for Sacramento River Cats : LHP Shigeo Okawa
|
|
Batting: SHB Ramon Martinez
|
0-0: Ball 1-0: Ball 2-0: Ball 3-0: Base on Balls
|
|
Batting: RHB Alex Gomez
|
0-0: SINGLE (Line Drive, 9S, EV 112.5 MPH) Ramon Martinez to second
|
|
Batting: RHB Chris Lee
|
0-0: Ball 1-0: Fly out, F9 (Flyball, 89M, EV 85.6 MPH)
|
|
Batting: RHB Gebre-Giorgios Tikolo
|
0-0: Called Strike 0-1: Grounds into double play, 5-4-3 (Groundball, 5S, EV 91.3 MPH)
|
| Bottom of the 9th over - 0 runs, 1 hit, 0 errors, 1 left on base; Sacramento 6 - New Orleans 1 |
|